 Dungeon Sprint DCSS version 0.27-a0-103-g6cd7b45605 (webtiles) character file.

Game seed: 2176280095108564976

37291 mhtbhm the Archmage (level 13, -6/64 HPs)
             Began as a Deep Elf Earth Elementalist on Jan 23, 2021.
             Was the Champion of Vehumet.
             Drowned by a water nymph (11 damage)
             ... in the Dungeon (Sprint IX: "|||||||||||||||||||||||||||||").
             The game lasted 00:14:47 (6940 turns).

mhtbhm the Archmage (Deep Elf Earth Elementalist)   Turns: 6940, Time: 00:14:49

Health: -6/64      AC: 15    Str:  5    XL:     13   Next: 57%
Magic:  42/46      EV: 20    Int: 26    God:    Vehumet [******]
Gold:   68         SH:  0    Dex: 18    Spells: 14/66 levels left

rFire    . . .     SeeInvis .   q - +2 rapier (drain)
rCold    . . .     Faith    .   (no shield)
rNeg     . . .     Spirit   .   c - +2 robe {Will+}
rPois    .         Reflect  .   E - +1 helmet
rElec    .         Harm     .   C - +1 cloak
rCorr    .         Rampage  .   D - +1 pair of gloves {Dex+3}
Will     ++...     NoTele   +   w - +2 pair of boots
Stlth    ++........             o - amulet of magic regeneration (curse)
HPRegen  0.20/turn              m - +2 ring of protection
MPRegen  0.55/turn              y - ring of wizardry

@: very slow
A: no striking features
a: Renounce Religion


You were in the Dungeon.
You worshipped Vehumet.
Vehumet was exalted by your worship.
You visited 1 branch You collected 1939 gold pieces.
You spent 1871 gold pieces at shops.

Inventory:

Hand Weapons
 q - a +2 rapier of draining (weapon)
Armour
 c - a +2 robe of willpower (worn)
 w - a +2 pair of boots (worn)
 C - a +1 cloak (worn)
 D - a +1 pair of gloves of dexterity (worn)
 E - a +1 helmet (worn)
Jewellery
 m - a +2 ring of protection (left hand)
 n - a +3 ring of strength
 o - a cursed amulet of magic regeneration (around neck)
 y - a ring of wizardry (right hand)
 z - an uncursed ring of protection from cold
 A - an uncursed ring of ice
 B - an uncursed ring of ice
Wands
 l - a wand of iceblast (1)
Scrolls
 i - 4 scrolls of blinking
 j - 4 scrolls of remove curse
 k - 2 scrolls of amnesia
 r - a scroll of fog
 s - 6 scrolls of enchant armour
 t - a scroll of fear
 u - a scroll of identify
 v - 2 scrolls of enchant weapon
Potions
 a - 2 potions of invisibility
 b - 2 potions of brilliance
 d - 3 potions of curing
 e - 13 potions of heal wounds
 f - a potion of haste
 g - 3 potions of magic
 h - a potion of berserk rage
 p - a potion of might
Miscellaneous
 x - a condenser vane


   Skills:
 - Level 1.0 Fighting
 - Level 0.3 Short Blades
 + Level 9.7 Dodging
 - Level 5.0 Stealth
 O Level 27 Spellcasting
 + Level 4.5 Conjurations
 + Level 8.3 Transmutations
 + Level 3.4 Fire Magic
 + Level 25.0 Earth Magic
 + Level 2.3 Evocations


You had 14 spell levels left.
You knew the following spells:

 Your Spells              Type           Power        Failure   Level
a - Sandblast             Erth           100%         0%          1
b - Passwall              Tmut/Erth      74%          0%          2
c - Stone Arrow           Conj/Erth      100%         0%          3
d - Lee's Rapid Deconstr  Erth           52%          0%          5
e - Petrify               Tmut/Erth      89%          0%          4
f - Bolt of Magma         Conj/Fire/Erth 37%          1%          5
g - Fireball              Conj/Fire      27%          1%          5
h - Shatter               Erth           52%          1%          9
i - Absolute Zero         Ice            17%          100%        9
j - Tornado               Air            17%          100%        9

Your spell library contained the following spells:

 Spells                   Type           Power        Failure   Level


Dungeon Overview and Level Annotations

Branches:
Dungeon (1/1)

Altars:
Cheibriados
Dithmenos
Elyvilon
Fedhas
Gozag
Hepliaklqana
Kikubaaqudgha
Makhleb
Nemelex Xobeh
Okawaru
Qazlal
Ru
Sif Muna
Trog
Uskayaw
Vehumet
Wu Jian
Xom
Yredelemnul
Zin
The Shining One
Beogh
Jiyva
Lugonu

Shops:
D ?*[=


Message History

* * * LOW HITPOINT WARNING * * *
You hear an angry hiss.
You hear a shout!
Splash!
You fall into the shallow water.
Moving in this stuff is going to be slow.
Unknown command.
The water nymph flows with the water.
Splash!
You fall into the shallow water.
Moving in this stuff is going to be slow.
Casting: Lee's Rapid Deconstruction (safe; 0% risk of failure)
Confirm with . or Enter, or press ? or * to list all spells.
Aiming: Petrify (safe; 0% risk of failure)
Press: ? - help, Shift-Dir - straight line, f - water nymph
Aim: a water nymph (chance to affect: 21%)
The water nymph resists with almost no effort.
The water nymph touches you!
* * * LOW HITPOINT WARNING * * *
The water nymph drowns you!
You die...

♣...▓.▓.▓.▓.▓.▓.▓_
♣.♣.▓.▓.▓.▓.▓.▓.▓_
♣.♣.▓.▓.▓.▓.▓.▓.▓_
♣.♣.▓)▓.▓.▓.▓.▓.▓_
♣.♣.▓(▓.▓)▓.▓.▓.▓_
♣.♣.▓.▓.▓)▓.▓.▓.▓_
♣.♣.▓(▓.▓.▓.▓'▓.▓'
♣.♣.▓'▓.▓.▓.▓.▓.▓.
♣@♣.▓)▓.▓.▓.▓.▓.▓.
♣m♣.▓.▓.▓.▓.▓.▓.▓)
▓S▓.▓.▓.▓.▓.▓.▓.▓.
▓≈▓.▓.▓.▓∩▓.▓.▓.▓.
▓H▓.▓.▓.▓.▓.▓.▓.▓.
▓m▓.▓)▓.▓∩▓.▓.▓.▓[
▓t▓)▓(▓.▓.▓.▓.▓.▓.
▓E▓.▓.▓.▓∩▓.▓.▓.▓.
▓.▓.▓.▓.▓.▓.▓.▓.▓)


You could see an alligator snapping turtle, a sea snake, a manticore, a water
elemental and 2 water nymphs.

Vanquished Creatures
  An emperor scorpion (D)
  A stone giant (D)
  An eleionoma (D)
  A great orb of eyes (D)
  A ghost crab (D)
  3 hydras (D)
  Erica (D)
  A centaur warrior (D)
  5 death yaks (D)
  2 tengu warriors (D)
  A two-headed ogre (D)
  9 orc high priests (D)
  2 naga sharpshooters (D)
  Nergalle (D)
  An unseen horror (D)
  A goliath frog (D)
  A bog body (D)
  A naga ritualist (D)
  5 orc knights (D)
  A deep elf mage (D)
  A necromancer (D)
  An orc sorcerer (D)
  3 wolf spiders (D)
  2 ugly things (D)
  A mana viper (D)
  A will-o-the-wisp (D)
  A cyclops (D)
  A guardian serpent (D)
  2 black mambas (D)
  A naga mage (D)
  2 cane toads (D)
  An efreet (D)
  2 rime drakes (D)
  A yaktaur (D)
  2 komodo dragons (D)
  2 trolls (D)
  A jumping spider (D)
  A meliai (D)
  A tyrant leech (D)
  2 polar bears (D)
  A hornet (D)
  A wraith (D)
  A tarantella (D)
  A wyvern (D)
  2 redbacks (D)
  4 yaks (D)
  Eustachio (D)
  Grum (D)
  A naga (D)
  2 water moccasins (D)
  A sky beast (D)
  11 orc warriors (D)
  An ogre (D)
  4 wolves (D)
  4 bullfrogs (D)
  A scorpion (D)
  A hound (D)
  5 orc priests (D)
  5 orc wizards (D)
  2 worker ants (D)
  2 adder zombies (D)
  A dart slug (D)
  5 orcs (D)
  A bat zombie (D)
  A giant cockroach (D)
  A hobgoblin (D)
  2 kobolds (D)
  A bat (D)
133 creatures vanquished.

Vanquished Creatures (others)
  A slime creature (D)
1 creature vanquished.

Grand Total: 134 creatures vanquished

Notes
Turn   | Place    | Note
-------+----------+-------------------------------------------
     0 | D        | mhtbhm the Deep Elf Earth Elementalist began the quest for
                  | the Orb.
     0 | D        | Reached XP level 1. HP: 10/10 MP: 6/6
   251 | D        | Noticed a scorpion
   251 | D        | Noticed a worker ant
   251 | D        | Noticed a hound
   255 | D        | Killed a scorpion
   256 | D        | Reached skill level 5 in Spellcasting
   256 | D        | Reached XP level 2. HP: 4/15 MP: 3/10
   256 | D        | Reached XP level 3. HP: 5/19 MP: 3/12
   258 | D        | Reached skill level 6 in Spellcasting
   258 | D        | Reached XP level 4. HP: 16/24 MP: 2/14
   260 | D        | Reached skill level 7 in Spellcasting
   503 | D        | Found a roughly hewn altar of Beogh.
   503 | D        | Found a snail-covered altar of Cheibriados.
   503 | D        | Found a shadowy altar of Dithmenos.
   503 | D        | Found a white marble altar of Elyvilon.
   503 | D        | Found a blossoming altar of Fedhas.
   503 | D        | Found an opulent altar of Gozag.
   504 | D        | Found a hazy altar of Hepliaklqana.
   505 | D        | Found a viscous altar of Jiyva.
   506 | D        | Found an ancient bone altar of Kikubaaqudgha.
   507 | D        | Found a corrupted altar of Lugonu.
   508 | D        | Found a burning altar of Makhleb.
   509 | D        | Found a sparkling altar of Nemelex Xobeh.
   510 | D        | Found an iron altar of Okawaru.
   511 | D        | Found a stormy altar of Qazlal.
   512 | D        | Found a sacrificial altar of Ru.
   513 | D        | Found a shimmering blue altar of Sif Muna.
   514 | D        | Found a bloodstained altar of Trog.
   515 | D        | Found a hide-covered altar of Uskayaw.
   516 | D        | Found a radiant altar of Vehumet.
   517 | D        | Found an ornate altar of the Wu Jian Council.
   518 | D        | Found a shimmering altar of Xom.
   519 | D        | Found a basalt altar of Yredelemnul.
   520 | D        | Found a glowing silver altar of Zin.
   521 | D        | Found a glowing golden altar of the Shining One.
   524 | D        | Became a worshipper of Vehumet
   529 | D        | Learned a level 2 spell: Passwall
   533 | D        | Learned a level 3 spell: Stone Arrow
   573 | D        | Noticed an orc warrior
   573 | D        | Noticed a wraith
   573 | D        | Noticed an ogre
   597 | D        | HP: 1/24 [orc warrior/+0 flail (14)]
   599 | D        | Killed an orc warrior
   600 | D        | Reached skill level 8 in Spellcasting
   600 | D        | Reached XP level 5. HP: 19/28 MP: 10/18
   603 | D        | Killed a wraith
   604 | D        | Reached skill level 1 in Fighting
   604 | D        | Reached skill level 5 in Dodging
   604 | D        | Reached skill level 5 in Stealth
   604 | D        | Reached skill level 10 in Spellcasting
   604 | D        | Reached XP level 6. HP: 24/34 MP: 6/21
   605 | D        | Reached * piety under Vehumet
   605 | D        | Offered knowledge of Foxfire by Vehumet.
   606 | D        | Reached skill level 11 in Spellcasting
   616 | D        | Reached ** piety under Vehumet
   803 | D        | Learned a level 5 spell: Lee's Rapid Deconstruction
   808 | D        | Learned a level 4 spell: Petrify
   809 | D        | Noticed a troll
   809 | D        | Noticed a tengu warrior
   809 | D        | Noticed a two-headed ogre
   809 | D        | Noticed a centaur warrior
   809 | D        | Noticed a sky beast
   814 | D        | Killed a tengu warrior
   814 | D        | Offered knowledge of Shock by Vehumet.
   814 | D        | Killed a troll
   815 | D        | Reached skill level 14 in Spellcasting
   815 | D        | Reached XP level 7. HP: 33/38 MP: 9/27
   815 | D        | Reached XP level 8. HP: 37/43 MP: 9/28
   818 | D        | Killed a two-headed ogre
   818 | D        | Killed a centaur warrior
   818 | D        | Reached *** piety under Vehumet
   819 | D        | Reached skill level 16 in Spellcasting
   819 | D        | Reached skill level 15 in Earth Magic
   819 | D        | Reached XP level 9. HP: 21/47 MP: 16/31
   819 | D        | Killed an unseen horror
   820 | D        | Reached skill level 17 in Spellcasting
  1122 | D        | Noticed a polar bear
  1122 | D        | Noticed a cane toad
  1124 | D        | Offered knowledge of Inner Flame by Vehumet.
  1124 | D        | Reached **** piety under Vehumet
  1126 | D        | Killed a polar bear
  1128 | D        | Noticed a polar bear
  1129 | D        | Reached skill level 18 in Spellcasting
  1129 | D        | Killed a cane toad
  1130 | D        | Reached XP level 10. HP: 41/52 MP: 19/34
  1134 | D        | Reached ***** piety under Vehumet
  1222 | D        | Noticed a cane toad
  1225 | D        | Killed a cane toad
  1225 | D        | Noticed a five-headed hydra
  1226 | D        | Reached skill level 19 in Spellcasting
  1455 | D        | Offered knowledge of Conjure Flame by Vehumet.
  1456 | D        | Killed a five-headed hydra
  1457 | D        | Reached skill level 1 in Evocations
  1459 | D        | Reached ****** piety under Vehumet
  1460 | D        | Reached skill level 20 in Spellcasting
  1786 | D        | Noticed a death yak
  1786 | D        | Noticed a death yak
  1786 | D        | Noticed a death yak
  1789 | D        | Offered knowledge of Lightning Bolt by Vehumet.
  1790 | D        | Noticed a death yak
  1792 | D        | Killed a death yak
  1794 | D        | Killed a death yak
  1795 | D        | Reached XP level 11. HP: 39/56 MP: 5/37
  1795 | D        | Noticed a death yak
  2057 | D        | Offered knowledge of Spellforged Servitor by Vehumet.
  2061 | D        | Killed a death yak
  2062 | D        | Reached skill level 21 in Spellcasting
  2280 | D        | Killed a death yak
  2280 | D        | Killed a death yak
  2687 | D        | Noticed Erica
  2698 | D        | Killed Erica
  2699 | D        | Reached skill level 22 in Spellcasting
  2922 | D        | Noticed Grum
  2926 | D        | Killed Grum
  2926 | D        | Offered knowledge of Ozocubu's Refrigeration by Vehumet.
  3149 | D        | Offered knowledge of Iron Shot by Vehumet.
  3361 | D        | Offered knowledge of Orb of Destruction by Vehumet.
  3371 | D        | Noticed an orc knight
  3481 | D        | Killed an orc knight
  3751 | D        | Offered knowledge of Bolt of Magma by Vehumet.
  3753 | D        | Noticed an orc sorcerer
  3760 | D        | Noticed a sun demon
  3763 | D        | Killed an orc sorcerer
  3764 | D        | Reached skill level 1 in Conjurations
  4055 | D        | Learned a level 5 spell: Bolt of Magma
  4094 | D        | Found Meony's Magic Scroll Emporium.
  4094 | D        | Noticed an orc high priest
  4094 | D        | Noticed an orc knight
  4094 | D        | Noticed an orc high priest
  4094 | D        | Noticed an orc high priest
  4094 | D        | Noticed an orc knight
  4097 | D        | Killed an orc high priest
  4099 | D        | Killed an orc knight
  4099 | D        | Noticed an orc high priest
  4100 | D        | Reached skill level 23 in Spellcasting
  4100 | D        | Killed an orc high priest
  4101 | D        | Noticed an orc high priest
  4102 | D        | Killed an orc high priest
  4103 | D        | Reached XP level 12. HP: 60/60 MP: 17/41
  4105 | D        | Killed an orc high priest
  4106 | D        | Reached skill level 5 in Transmutations
  4107 | D        | Noticed an orc high priest
  4111 | D        | Killed an orc high priest
  4318 | D        | Reached skill level 24 in Spellcasting
  4532 | D        | Killed an orc high priest
  4532 | D        | Offered knowledge of Fireball by Vehumet.
  4733 | D        | Found Peats's Assorted Antiques.
  4737 | D        | Found Rekocwu's Armour Emporium.
  4740 | D        | Found Riytouk's Jewellery Shoppe.
  4743 | D        | Noticed an orc high priest
  4744 | D        | Noticed an orc high priest
  4748 | D        | Killed an orc high priest
  4748 | D        | Killed an orc high priest
  4750 | D        | Noticed an orc high priest
  4837 | D        | Killed an orc high priest
  5074 | D        | Learned a level 5 spell: Fireball
  5143 | D        | Bought a pair of embroidered boots for 187 gold pieces
  5143 | D        | Bought a condenser vane for 1000 gold pieces
  5160 | D        | Bought a cursed amulet of magic regeneration for 324 gold
                  | pieces
  5169 | D        | Bought an uncursed ring of wizardry for 360 gold pieces
  5221 | D        | Noticed Eustachio
  5225 | D        | Killed Eustachio
  5389 | D        | Offered knowledge of Lehudib's Crystal Spear by Vehumet.
  5391 | D        | Reached skill level 25 in Spellcasting
  5595 | D        | Noticed a tengu warrior
  5599 | D        | Killed a tengu warrior
  5657 | D        | Noticed a great orb of eyes
  5661 | D        | Noticed a stone giant
  5666 | D        | Killed a great orb of eyes
  5682 | D        | Offered knowledge of Shatter by Vehumet.
  5682 | D        | Offered knowledge of Tornado by Vehumet.
  5682 | D        | Offered knowledge of Absolute Zero by Vehumet.
  5683 | D        | Killed a stone giant
  5696 | D        | Learned a level 9 spell: Shatter
  5993 | D        | Noticed Nergalle
  5996 | D        | Killed Nergalle
  5997 | D        | Reached skill level 26 in Spellcasting
  6161 | D        | Noticed an emperor scorpion
  6162 | D        | Reached XP level 13. HP: 64/64 MP: 45/45
  6165 | D        | Killed an emperor scorpion
  6251 | D        | Reached skill level 1 in Fire Magic
  6458 | D        | Learned a level 9 spell: Absolute Zero
  6468 | D        | Learned a level 9 spell: Tornado
  6488 | D        | Reached skill level 27 in Spellcasting
  6637 | D        | Noticed an eleionoma
  6651 | D        | Killed an eleionoma
  6940 | D        | Drowned by a water nymph

Illustrated notes

Levels and vault maps discovered:
D:        linesprint [early_d, line_temple, items_1, d_10, items_2, lair_1,
          lair_end, items_3, orc_1, orc_end, items_4, d_15, swamp_1, shoals_1,
          snake_1, spider_1, d_20, vaults_1, items_5, swamp_end, shoals_end,
          snake_end, spider_end, vaults_end, d_27, items_6, zot_1, zot_end,
          crypt_end, forest_end, elf_end, slime_end, tomb_end, abyss_end,
          pan_hell_end]

Skill      XL: |  1  2  3  4  5  6  7  8  9 10 11 12 13 |
---------------+----------------------------------------+-----
Stealth        | 3 4 5 |  5.0
Earth Magic    | 6 7 9 11 13 15 16 19 21 23 25 | 25.0
Dodging        | 3 4 5 6 7 8 9 |  9.7
Spellcasting   | 5 6 8 10 14 16 18 20 23 26 27 | 27.0
Fighting       | 1 |  1.0
Transmutations | 2 3 4 6 8 |  8.3
Evocations     | 1 2 |  2.3
Conjurations   | 1 3 4 |  4.5
Fire Magic     | 3 |  3.4
Short Blades   | |  0.3

Action                   |  1- 3 |  4- 6 |  7- 9 | 10-12 | 13-15 || total
-------------------------+-------+-------+-------+-------+-------++-------
Melee: Rapier            |       |     9 |       |     4 |     9 ||    22
 Cast: Sandblast         |    11 |    19 |       |       |       ||    30
       Lee's Rapid Decon |       |     4 |     9 |   118 |     7 ||   138
       Petrify           |       |       |     1 |    30 |    12 ||    43
       Stone Arrow       |       |       |       |    26 |       ||    26
       Shatter           |       |       |       |     1 |    11 ||    12
       Fireball          |       |       |       |     1 |     9 ||    10
       Bolt of Magma     |       |       |       |       |     1 ||     1
Evoke: Wand              |       |       |     1 |     8 |       ||     9
       Condenser vane    |       |       |       |       |     1 ||     1
  Use: Potion            |     1 |     1 |     1 |     1 |     1 ||     5
       Scroll            |       |       |       |     1 |       ||     1
Armor: Robe              |     1 |     5 |       |     1 |    18 ||    25
Dodge: Dodged            |     1 |    21 |     2 |    21 |    41 ||    86

Table legend: (Time is in decaauts)
 A = Elapsed time spent in this place.
 B = Non-inter-level travel time spent in this place.
 C = Inter-level travel time spent in this place.
 D = Time resting spent in this place.
 E = Time spent auto-exploring this place.
 F = Levels seen in this place.
 G = Mean time per level.
                   A        B        C        D        E       F      G
               +--------+--------+--------+--------+--------+-----+--------+
         Total |   6942 |   6942 |      0 |   4809 |    709 |   1 | 6942.0 |
       Dungeon |   6942 |   6942 |      0 |   4809 |    709 |   1 | 6942.0 |
               +--------+--------+--------+--------+--------+-----+--------+

Top non-repeatable levels by time:
       D: 6942 daAuts
